 Dungeon Crawl Stone Soup version 0.31-a0-655-gf2d5465dac (webtiles) character file.

Game seed: 14198788625219077385

19283 MacCMillion the Cleaver (level 12, -7/108 HPs)
             Began as a Ghoul Fighter on Aug 30, 2023.
             Was the Champion of Okawaru.
             Killed by divine providence
             ... invoked by a meliai
              (12 damage)
             ... on level 13 of the Dungeon.
             The game lasted 00:20:44 (13185 turns).

MacCMillion the Cleaver (Ghoul Fighter)            Turns: 13185, Time: 00:20:44

Health: -7/108     AC: 26    Str: 25    XL:     12   Next: 67%
Magic:  0/15       EV: 12    Int:  3    God:    Okawaru [******]
Gold:   395        SH:  5    Dex: 12    Spells: 11/11 levels left

rFire   . . .        o - +1 war axe (heavy)
rCold   + . .        c - +0 buckler
rNeg    + + +        n - +0 plate armour
rPois   ∞            (no helmet)
rElec   .            r - +1 cloak
rCorr   .            x - +1 pair of gloves of Wu Jian's Regard {Dex+4}
SInv    .            Q - +2 pair of boots
Will    .....        g - amulet of guardian spirit Stlth
                     j - +4 ring of protection
HPRegen 0.00/turn    E - +5 ring of evasion
MPRegen 0.14/turn

%: guardian spirit
@: inhibited regen
A: claws 1, cold resistance 1, negative energy resistance 3, inhibited
regeneration, torment resistance 2, devour on kill
a: Renounce Religion, Heroism, Finesse, Duel


You were on level 13 of the Dungeon.
You worshipped Okawaru.
Okawaru was exalted by your worship.
You visited 2 branches of the dungeon, and saw 15 of its levels.

You collected 596 gold pieces.
You spent 201 gold pieces at shops.

Inventory:

Hand Weapons
 a - a +0 war axe
 o - a +1 heavy war axe (weapon)
Missiles
 s - 20 boomerangs
 t - a throwing net
 v - 45 poisoned darts (quivered)
 C - 2 curare-tipped darts
 P - 3 javelins
Armour
 b - a +0 scale mail
 c - a +0 buckler (worn)
 n - a +0 plate armour (worn)
 r - a +1 cloak (worn)
 x - the +1 pair of gloves of Wu Jian's Regard (worn) {Dex+4}
   (You found it on level 5 of the Dungeon)

   Dex+4:     It affects your dexterity (+4).
 Q - a +2 pair of boots (worn)
Jewellery
 g - an amulet of guardian spirit (around neck)
 j - a +4 ring of protection (left hand)
 E - a +5 ring of evasion (right hand)
 N - the ring "Ufileter" {Fly rElec rF+ SInv}
   (You found it on level 10 of the Dungeon)

   [ring of protection from fire]

   rF+:       It protects you from fire.
   rElec:     It insulates you from electricity.
   SInv:      It lets you see invisible.
   Fly:       It grants you flight.
 R - a +6 ring of intelligence
Wands
 k - a wand of iceblast (4)
 w - a wand of flame (18)
 O - a wand of mindburst (10)
 S - a wand of polymorph (3)
Scrolls
 e - 2 scrolls of enchant armour
 f - 2 scrolls of noise
 h - 3 scrolls of poison
 i - a scroll of teleportation
 l - a scroll of blinking
 p - 2 scrolls of fear
 u - 2 scrolls of fog
 B - 2 scrolls of amnesia
 F - a scroll of butterflies
 I - a scroll of vulnerability
 M - a scroll of enchant weapon
Potions
 d - 2 potions of might
 m - 2 potions of resistance
 q - 5 potions of curing
 z - a potion of lignification
 A - 4 potions of attraction
 D - 2 potions of mutation {unknown}
 G - a potion of ambrosia {unknown}
 H - a potion of heal wounds
 J - 2 potions of enlightenment {unknown}
 K - 2 potions of berserk rage {unknown}
 T - a potion of haste {unknown}


   Skills:
 + Level 10.7 Fighting
 + Level 13.1 Axes
 + Level 3.0 Throwing
 + Level 9.3 Armour
 - Level 4.0 Shields
 + Level 5.5 Invocations


You had 11 spell levels left.
You didn't know any spells.
Your spell library contained the following spells:

 Spells                   Type           Power      Damage    Failure   Level
 Hailstorm                Conj/Ice       0%         3d3       100%        3
 Lee's Rapid Deconstruct  Erth           0%         3d4*      100%        5
 Eringya's Noxious Bog    Tmut/Pois      0%         4d6       100%        6
 Animate Armour           Summ/Erth      Unusable   N/A       N/A         4
 Summon Ice Beast         Ice/Summ       Unusable   N/A       N/A         4
 Summon Lightning Spire   Summ/Air       Unusable   N/A       N/A         4
 Summon Forest            Summ/Tloc      Unusable   N/A       N/A         5
 Summon Mana Viper        Hex/Summ       Unusable   N/A       N/A         5
 Simulacrum               Ice/Necr       Unusable   N/A       N/A         6
 Summon Cactus Giant      Summ           Unusable   N/A       N/A         6
 Summon Hydra             Summ           Unusable   N/A       N/A         7

Dungeon Overview and Level Annotations

Branches:
Dungeon (14/15)            Temple (1/1) D:5            Lair (0/5) D:11
    Orc (0/2) D:11
 Vaults: D:13-14

Altars:
Ashenzari
Cheibriados
Dithmenos
Fedhas
Gozag
Hepliaklqana
Kikubaaqudgha
Makhleb
Nemelex Xobeh
Okawaru
Qazlal
Ru
Sif Muna
Trog
Uskayaw
Vehumet
Wu Jian
Xom
Yredelemnul

Shops:
D:2 [*(**   D:6 :[   D:9 !:   D:10 ?

Portals:
Trove: D:10 (give +3 shadow dragon scales)

Annotations:
D:2 2 transporters
D:4 Sigmund
D:10 2 transporters, namnaref's ghost, novice OpCj
D:11 3 runed translucent doors
D:12 4 transporters


Innate Abilities, Weirdness & Mutations

You are immune to poison.
You have sharp fingernails.
Your flesh is cold resistant. (rC+)
You are immune to negative energy. (rN+++)
You do not regenerate when monsters are visible.
You are immune to unholy pain and torment.
You thrive by killing the living.


Message History

As you read the scroll of fear, it crumbles to dust.
You assume a fearsome visage.
The meliai looks frightened! x2; The meliai resists with some effort.
The meliai mumbles some strange prayers to its god against you.
Something smites you! The meliai misses you. You block the meliai's attack.
Found a flail.
The meliai barely misses you.
The meliai stings you but does no damage.
The meliai calls upon its god to heal the meliai.
The meliai is healed somewhat.
You miss the meliai. The meliai hits you with a +0 hand axe.
The meliai misses you. The meliai hits you but does no damage.
You block the meliai's attack.
You slice the meliai!!
The meliai is almost dead.
You block the meliai's attack. The meliai stings you.
The meliai mumbles some strange prayers to its god against you.
Something smites you!
* * * LOW HITPOINT WARNING * * *
The meliai hits you but does no damage. You block the meliai's attack.
You hit the meliai but do no damage.
The meliai is almost dead.
The meliai hits you but does no damage. You block the meliai's attack.
The meliai invokes the aid of its god against you.
Something smites you!
* * * LOW HITPOINT WARNING * * *
You slash the meliai!
You kill the meliai!
Okawaru accepts your kill.
You feel better.
There are no items here.
Found a stone staircase leading up.
The meliai hits you with a +0 hand axe!
* * * LOW HITPOINT WARNING * * *
You block the meliai's attack.
Blink to where?
Press: ? - help, Dir - move target, p - meliai
As you read the scroll of blinking, it crumbles to dust.
The meliai mumbles some strange prayers to its god against you.
Something smites you!
You die...

,,,,,,,*,,**,,*,.................
,,,,,,,*,,**,,#..................
,,,,,,,*,,,,,,#........y.........
,,,,,,,+,,,,,,+.........##....###
,,,,,,,*,,***,#.....)...##....##.
********,,,,,,#.............))...
,,,,,,,,,,,,,,#..................
,,,,,,,,,,,,,,#........y.........
,,,,,,,,,,,,,,#.@................
,,,,,,,,,,,,,,###################
,,,,,,,,,,,,,,,,,,,,,,,,,,,,,....
,**,,,,,,,,,,,,,,,,,,,,,,,,,,....
,**,,,,,,,,,,,,,,,,,,,,,,,,**#...
,,,,,,,,,,,,,,,,,,,,,,,,>,,* #...
,,,,,,,,,,,,,,,,,,,,,,,,,,,**#...
,,,,,,,,,,,,,,,,,,,,,,,,,,,,,,,,,
*********************************


You could see 2 meliai.

Vanquished Creatures
  4 centaur warriors
  A boulder beetle (D:11)
  9 two-headed ogres
  2 manticores (D:11)
  3 gargoyles
  An unseen horror (D:11)
  A rime drake (D:11)
  A meliai (D:13)
  Grinder (D:3)
  2 hornets
  2 wyverns
  A vampire (D:9)
  A shadow (D:9)
  11 yaks
  2 steam dragons
  4 vampire mosquitoes (D:11)
  Edmund (D:4)
  3 acid dragons
  4 water moccasins
  6 ice beasts
  A sky beast (D:8)
  4 orc warriors
  A black bear (D:6)
  3 centaurs
  2 ogres
  A wolf (D:11)
  3 kobold brigands
  8 bullfrogs
  A scorpion (D:7)
  12 wights
  3 howler monkeys
  2 gnoll boudas
  A hound (D:6)
  8 orc priests
  3 jellies
  2 sleepcaps (D:7)
  7 iguanas
  12 orc wizards
  9 adders
  7 gnolls
  A shadow imp (D:6)
  2 white imps
  2 dart slugs
  77 orcs
  5 endoplasms
  2 giant cockroaches
  8 goblins
  4 hobgoblins
  3 jackals (D:1)
  14 kobolds
  5 quokkas
  7 ball pythons
  3 bats
  11 frilled lizards
  2 rats
296 creatures vanquished.

Notes
Turn   | Place    | Note
-------+----------+-------------------------------------------
     0 | D:1      | MacCMillion the Ghoul Fighter began the quest for the Orb.
     0 | D:1      | Reached XP level 1. HP: 19/19 MP: 0/0
    98 | D:1      | Reached skill level 2 in Axes
   103 | D:1      | Reached XP level 2. HP: 24/26 MP: 1/1
   543 | D:2      | Found a transporter.
   543 | D:2      | Found Ettusev's Assorted Antiques.
   595 | D:2      | Found Boafel's General Store.
   632 | D:2      | Reached XP level 3. HP: 28/31 MP: 2/2
   652 | D:2      | Found a transporter.
   759 | D:2      | Found a faded altar of an unknown god.
   873 | D:2      | Found Suigeusi's Antique Weapon Emporium.
  1113 | D:2      | Found Gusune's Armour Emporium.
  1197 | D:2      | Reached XP level 4. HP: 38/38 MP: 3/3
  1229 | D:2      | Found Ecimaaggu's General Store.
  1302 | D:2      | Bought a runed war axe for 97 gold pieces
  1620 | D:3      | Reached skill level 3 in Axes
  1747 | D:3      | Noticed Grinder
  1747 | D:3      | Paralysed by Grinder for 5 turns
  1753 | D:3      | Killed Grinder
  1754 | D:3      | Reached skill level 5 in Axes
  1754 | D:3      | Reached XP level 5. HP: 45/45 MP: 4/4
  1754 | D:3      | Reached XP level 6. HP: 51/51 MP: 5/5
  1789 | D:3      | Found Xujol's Magic Scroll Emporium.
  2544 | D:4      | Noticed an orc warrior
  2580 | D:3      | Killed an orc warrior
  2581 | D:3      | Reached skill level 6 in Axes
  2581 | D:3      | Reached XP level 7. HP: 39/57 MP: 3/6
  3102 | D:4      | Noticed Edmund
  3178 | D:5      | Entered Level 5 of the Dungeon
  3202 | D:5      | Identified the +1 pair of gloves of Wu Jian's Regard
                  | {Dex+4}
  3339 | D:5      | Reached skill level 7 in Axes
  3448 | D:5      | Found a staircase to the Ecumenical Temple.
  3460 | Temple   | Entered the Ecumenical Temple
  3470 | Temple   | Became a worshipper of Warmaster Okawaru
  3562 | D:5      | Reached XP level 8. HP: 37/63 MP: 3/7
  3781 | D:5      | Reached skill level 8 in Axes
  4773 | D:6      | Identified the +2 chain mail of Hedonism {Str+5 Int-5 SInv}
  4828 | D:6      | Found Gotir's Book Emporium.
  4837 | D:6      | Reached skill level 9 in Axes
  5005 | D:6      | Found Liajuum's Armour Emporium.
  5030 | D:6      | Reached * piety under Okawaru
  5051 | D:6      | Reached XP level 9. HP: 70/70 MP: 8/8
  5079 | D:6      | Reached skill level 10 in Axes
  6102 | D:7      | Reached ** piety under Okawaru
  6136 | D:7      | Found a bloodstained altar of Trog.
  6446 | D:8      | Reached skill level 5 in Fighting
  6446 | D:8      | Reached skill level 1 in Invocations
  6877 | D:8      | Found a shimmering altar of Xom.
  6877 | D:8      | Noticed a two-headed ogre
  6877 | D:8      | Noticed a hornet
  6893 | D:7      | Reached *** piety under Okawaru
  7036 | D:4      | Found a shimmering blue altar of Sif Muna.
  7073 | D:4      | Killed Edmund
  7118 | D:4      | Noticed Sigmund
  7245 | D:7      | Killed a two-headed ogre
  7246 | D:7      | Reached XP level 10. HP: 62/84 MP: 7/12
  7316 | D:8      | Reached skill level 5 in Armour
  7565 | D:8      | Reached skill level 11 in Axes
  7635 | D:7      | Reached **** piety under Okawaru
  7986 | D:9      | Noticed a two-headed ogre
  7986 | D:9      | Found Rere Fus's Distillery.
  8009 | D:9      | Found a broken altar of Ashenzari.
  8034 | D:9      | Killed a two-headed ogre
  8045 | D:9      | Noticed a two-headed ogre
  8095 | D:9      | Killed a two-headed ogre
  8206 | D:9      | Reached ***** piety under Okawaru
  8386 | D:9      | Reached XP level 11. HP: 94/94 MP: 11/13
  8462 | D:9      | Noticed a two-headed ogre
  8491 | D:8      | Killed a two-headed ogre
  8549 | D:9      | Found a shadowy altar of Dithmenos.
  8866 | D:9      | Bought a potion of curing for 39 gold pieces
  8866 | D:9      | Bought a potion of heal wounds for 65 gold pieces
  9217 | D:9      | Found Nunikar's Tremendous Tomes.
  9277 | D:10     | Entered Level 10 of the Dungeon
  9564 | D:10     | Noticed a moth of wrath
  9685 | D:10     | Reached skill level 12 in Axes
  9720 | D:10     | Noticed an ice dragon
  9732 | D:10     | Found Atiycax's Magic Scroll Shoppe.
  9756 | D:10     | Noticed a centaur warrior
  9775 | D:10     | Killed a centaur warrior
  9944 | D:10     | Received a gift from Okawaru
 10047 | D:10     | Noticed a two-headed ogre
 10058 | D:10     | Killed a two-headed ogre
 10517 | D:10     | Found a transporter.
 10529 | D:10     | Identified the ring "Ufileter" {Fly rElec rF+ SInv}
 10588 | D:10     | Found a portal to a secret trove of treasure.
 10686 | D:10     | Noticed a manticore
 10687 | D:10     | Noticed namnaref's ghost (novice OpCj)
 10703 | D:10     | Found a transporter.
 10816 | D:11     | Noticed a manticore
 10822 | D:11     | Killed a manticore
 10861 | D:11     | Noticed a boulder beetle
 10869 | D:11     | Killed a boulder beetle
 10870 | D:11     | Reached skill level 10 in Fighting
 11181 | D:11     | Received a gift from Okawaru
 11262 | D:11     | Reached XP level 12. HP: 69/106 MP: 10/14
 11375 | D:11     | Found a staircase to the Lair.
 11437 | D:11     | Received a gift from Okawaru
 11537 | D:11     | Noticed a two-headed ogre
 11547 | D:11     | Killed a two-headed ogre
 11548 | D:11     | Reached skill level 1 in Throwing
 11551 | D:11     | Noticed a two-headed ogre
 11559 | D:11     | Killed a two-headed ogre
 11559 | D:11     | Reached ****** piety under Okawaru
 11867 | D:11     | Found a runed translucent gate.
 11867 | D:11     | Found a runed translucent gate.
 11867 | D:11     | Found a runed translucent gate.
 11867 | D:11     | Noticed a death yak
 11867 | D:11     | Noticed a death yak
 11867 | D:11     | Noticed a death yak
 11868 | D:11     | Noticed a death yak
 12125 | D:11     | Found a staircase to the Orcish Mines.
 12566 | D:12     | Noticed a two-headed ogre
 12573 | D:12     | Killed a two-headed ogre
 12573 | D:12     | Received a gift from Okawaru
 12573 | D:12     | Found the +15 Maxwell's patent armour {-Cast -Tele rElec
                  | Will+ rCorr}
 12729 | D:12     | Found a transporter.
 12745 | D:12     | Found a transporter.
 12773 | D:12     | Found a transporter.
 12810 | D:12     | Found a transporter.
 12856 | D:12     | You fall into a shaft and drop 2 floors!
 12866 | D:14     | Noticed a centaur warrior
 12879 | D:14     | Killed a centaur warrior
 12880 | D:14     | Reached skill level 13 in Axes
 12880 | D:14     | Reached skill level 5 in Invocations
 13106 | D:14     | Noticed a two-headed ogre
 13112 | D:14     | Killed a two-headed ogre
 13152 | D:13     | Noticed a centaur warrior
 13158 | D:13     | Killed a centaur warrior
 13163 | D:13     | Noticed a centaur warrior
 13172 | D:13     | Killed a centaur warrior
 13184 | D:13     | HP: 5/108 [meliai/+0 hand axe (11)]
 13185 | D:13     | Killed from afar by a meliai

Illustrated notes

Levels and vault maps discovered:
D:1:      lightli_arrival_maybe_door_vault, layout_rooms
D:2:      layout_basic, dreamdust_ecumenical_altar_statues, serial_shops,
          nicolae_shop_drivethru, nicolae_shop_window_shopping,
          nicolae_shop_back_alley_shop, shop, shop, feat_on_display
D:3:      layout_basic, serial_shops, nicolae_shop_advertising_works
          [nicolae_subvault_shop_adworks], minivault_25, supply_closet_lemuel,
          st_stairs_10, minivault_5, uniq_grinder
D:4:      layout_rooms, lemuel_blue_sif_altar, sigmund_edmund_badplayer,
          uniq_sigmund
D:5:      layout_basic, minmay_temple_entry_mist
D:6:      layout_rooms, serial_shops, shop, shop, minmay_lizard_king
D:7:      layout_cave_pods, mainiacjoe_overflow_alcove_2, minmay_misc_feat_roman
D:8:      layout_gridville, xom_confusion_cloud, serial_glass, glass_columns_a,
          glass_columns_a, item_on_display_a, feat_on_display,
          due_unseen_surprise
D:9:      layout_cave_pools, grunt_dithmenos_shadows,
          mainiacjoe_overflow_brackets, mainiacjoe_overflow_small_starburst,
          nicolae_shop_i_like_big_books, amcnicky_mini_corridor_feature,
          nicolae_stop_n_shop_2
D:10:     layout_rooms, serial_shops, nicolae_diamond_shop,
          gammafunk_ghost_berserking_beasts, nicolae_trove_entry_diagonal,
          serial_bayou_pond_c, mrwooster_statue_mirror
D:11:     lemuel_bear_cage, layout_long_grid, hellmonk_lair_entry_icy,
          hiddenorc2_lemuel, kennysheep_donut
D:12:     layout_irregular_city, ebering_ghost_inner_flame,
          nicolae_transporter_intersection
D:13:     layout_stronghold, lightli_vaults_fourway_checkpoint, uniq_jorgrun
D:14:     layout_roguey, tso_altar, serial_shops, shop
Temple:   eino_temple_rhombus

Skill      XL: |  1  2  3  4  5  6  7  8  9 10 11 12 |
---------------+-------------------------------------+-----
Axes           | 2 5 6 7 9 10 11 12 13 | 13.1
Shields        | 3 4 |  4.0
Armour         | 4 6 8 9 |  9.3
Fighting       | 6 8 10 | 10.7
Invocations    | 4 5 |  5.5
Throwing       | 3 |  3.0

Action                     |  1- 3 |  4- 6 |  7- 9 | 10-12 || total
---------------------------+-------+-------+-------+-------++-------
  Melee: War axe           |   108 |    76 |   252 |   320 ||   756
  Throw: Dart              |       |       |     8 |    34 ||    42
 Invoke: Heroism           |       |       |       |     1 ||     1
    Use: Potion            |       |       |       |     1 ||     1
         Scroll            |       |       |       |    19 ||    19
 Armour: Scale mail        |    44 |       |       |       ||    44
         Plate armour      |    29 |    67 |   227 |   259 ||   582
  Dodge: Dodged            |    50 |    40 |   101 |   202 ||   393
  Block: Buckler           |    20 |    23 |    67 |   120 ||   230

Table legend: (Time is in decaauts)
 A = Elapsed time spent in this place.
 B = Non-inter-level travel time spent in this place.
 C = Inter-level travel time spent in this place.
 D = Time resting spent in this place.
 E = Time spent auto-exploring this place.
 F = Levels seen in this place.
 G = Mean time per level.
                   A        B        C        D        E       F      G
               +--------+--------+--------+--------+--------+-----+--------+
         Total |  13601 |  13018 |    583 |   4202 |   6221 |  15 |  906.7 |
       Dungeon |  13580 |  13015 |    565 |   4202 |   6221 |  14 |  970.0 |
        Temple |     20 |      2 |     18 |      0 |      0 |   1 |   20.0 |
               +--------+--------+--------+--------+--------+-----+--------+

Top non-repeatable levels by time:
    D:11: 1777 daAuts
     D:9: 1659 daAuts
     D:7: 1556 daAuts
     D:5: 1517 daAuts
     D:3: 1222 daAuts
    D:10: 1214 daAuts
     D:2: 1061 daAuts
     D:6: 906 daAuts
     D:8: 785 daAuts
     D:4: 690 daAuts
     D:1: 553 daAuts
    D:12: 302 daAuts
    D:14: 297 daAuts
    D:13: 36 daAuts
  Temple: 20 daAuts
